 Dungeon Crawl Stone Soup version 0.23.1 (webtiles) character file.

Game seed: 15604312381547248972

388 KamiKatze the Cudgeler (level 7, -3/66 HPs)
             Began as a Kobold Berserker on Mar 4, 2019.
             Was a Priest of Trog.
             Killed from afar by a white imp (6 damage)
             ... with a puff of frost
             ... summoned by Natasha
             ... on level 3 of the Dungeon.
             The game lasted 00:11:03 (2511 turns).

KamiKatze the Cudgeler (Kobold Berserker)           Turns: 2511, Time: 00:11:03

Health: -3/66      AC:  7    Str: 22    XL:     7   Next: 7%
Magic:  7/7        EV: 15    Int:  8    God:    Trog [***...]
Gold:   164        SH:  0    Dex: 14    Spells: 6/6 levels left

rFire    . . .     SeeInvis .   r - +0 flail
rCold    . . .     Gourm    .   (shield restricted)
rNeg     . . .     Faith    .   k - +0 ring mail
rPois    .         Spirit   .   g - +0 helmet
rElec    .         Reflect  .   (no cloak)
rCorr    .         Harm     .   d - +0 pair of gloves
MR       .....                  (no boots)
Stlth    ..........             (no amulet)
HPRegen  0.21/turn              (no ring)
MPRegen  0.10/turn              (no ring)

@: berserking, very quick
A: small, carnivore
a: Berserk, Trog's Hand, Renounce Religion


You were on level 3 of the Dungeon.
You worshipped Trog.
Trog was most pleased with you.
You were very full.

You visited 1 branch of the dungeon, and saw 3 of its levels.

You collected 164 gold pieces.

Inventory:

Hand Weapons
 r - a +0 flail (weapon)
Armour
 d - a +0 pair of gloves (worn)
 e - a +0 chain mail
 g - a +0 helmet (worn)
 k - a +0 ring mail (worn)
 l - a +0 large shield
Wands
 p - a wand of flame (22)
Scrolls
 b - 2 scrolls of identify {unknown}
 f - a scroll of fear {unknown}
 h - a scroll of enchant weapon {unknown}
 m - 2 scrolls of remove curse {unknown}
 n - a scroll of blinking {unknown}
Potions
 j - 2 potions of lignification {unknown}
 o - a potion of curing {unknown}
 q - a potion of heal wounds {unknown}
Comestibles
 c - 6 rations
 i - 7 chunks of flesh


   Skills:
 + Level 4.6 Fighting
 * Level 4.7 Maces & Flails
 + Level 2.9 Armour
 + Level 4.2 Dodging


You had 6 spell levels left.
You didn't know any spells.
Your spell library was empty.

Dungeon Overview and Level Annotations

Branches:
Dungeon (3/15)

Altars:
Nemelex Xobeh
Ru

Annotations:
D:3 Natasha


Innate Abilities, Weirdness & Mutations

You are small and have problems with some larger weapons.
You are carnivorous and can eat meat at any time.


Message History

You sock Natasha!
Natasha is almost dead.
The white imp hits you but does no damage.
Natasha casts a spell at you. The magic dart hits you.
* * * LOW HITPOINT WARNING * * *
You barely miss Natasha.
Natasha is almost dead.
The white imp misses you. Natasha misses you.
The white imp disappears for a moment.
The white imp hits you.
* * * LOW HITPOINT WARNING * * *
The white imp freezes you.
* * * LOW HITPOINT WARNING * * *
A red film seems to cover your vision as you go berserk!
You feel yourself moving faster!
You feel mighty!
You feel a lot less full.
Natasha zaps a wand.
The puff of flame misses you. The white imp gestures at you.
The puff of frost hits you.
You die...

...%........# ##########........
............# ##......
#######...#################......
.!.# #............#......÷ ...#
#............'.......
#............#.......
#............#.......
#...5........'..##.##
#h@........##.##...
#..........##.####.
#.............# #.
#.....÷.....### ## #...........#
# #...........#######
#######...#...#(... #.#.###.#.###
####.#.....#)..#


You could see Natasha and a white imp.

Vanquished Creatures
  Sigmund (D:3)
  A howler monkey (D:2)
  Terence (D:2)
  Natasha (D:3)
  An orc wizard (D:3)
  3 adders (D:2)
  3 worms
  4 leopard geckos
  5 orcs (D:3)
  3 ball pythons
  4 giant cockroaches
  10 goblins
  12 hobgoblins
  2 jackals (D:2)
  4 kobolds
  4 quokkas
  5 bats
  12 frilled lizards
  8 rats
84 creatures vanquished.

Notes
Turn   | Place    | Note
-------+----------+-------------------------------------------
     0 | D:1      | KamiKatze the Kobold Berserker began the quest for the Orb.
     0 | D:1      | Reached XP level 1. HP: 14/14 MP: 1/1
   210 | D:1      | Reached XP level 2. HP: 19/19 MP: 2/2
   659 | D:1      | Reached XP level 3. HP: 17/23 MP: 3/3
   959 | D:2      | Reached ** piety under Trog
  1186 | D:2      | Reached XP level 4. HP: 15/29 MP: 4/4
  1382 | D:2      | Found a sacrificial altar of Ru.
  1666 | D:2      | Found a sparkling altar of Nemelex Xobeh.
  1666 | D:2      | Found a transporter.
  1681 | D:2      | Reached XP level 5. HP: 33/33 MP: 5/5
  1789 | D:3      | Noticed Sigmund
  1805 | D:3      | Killed Sigmund
  1805 | D:3      | Reached XP level 6. HP: 29/39 MP: 6/6
  2002 | D:3      | Noticed Terence
  2030 | D:2      | Killed Terence
  2095 | D:3      | Noticed Natasha
  2226 | D:3      | Reached *** piety under Trog
  2240 | D:3      | Killed Natasha
  2369 | D:3      | Reached XP level 7. HP: 24/44 MP: 7/7
  2449 | D:3      | Noticed Natasha
  2510 | D:3      | HP: 2/44 [white imp[Natasha] (4)]
  2511 | D:3      | Killed from afar by a white imp

Skill      XL: |  1  2  3  4  5 |
---------------+----------------+-----
Maces & Flails | 3 4 |  4.7
Armour         | 2 |  2.9
Dodging        | 3 4 |  4.2
Fighting       | 4 |  4.6

Action                   |  1- 3 |  4- 6 |  7- 9 || total
-------------------------+-------+-------+-------++-------
Melee: Mace              |   106 |   206 |    17 ||   329
       Flail             |       |       |     9 ||     9
Invok: Berserk           |     1 |     5 |     1 ||     7
       Trog's Hand       |       |     3 |     1 ||     4
  Use: Scroll            |     1 |       |       ||     1
 Stab: Sleeping          |     1 |       |       ||     1
  Eat: Chunk             |     9 |    10 |     1 ||    20
Armor: Animal skin       |    25 |       |       ||    25
       Ring mail         |     1 |    70 |    12 ||    83
Dodge: Dodged            |    93 |   156 |    25 ||   274
